 Dungeon Crawl Stone Soup version 0.26.0-41-g79a4fc7684 (webtiles) character file.

Game seed: 2713864986290185002

505 kaeus the Sneak (level 7, 0/48 HPs)
             Began as an Octopode Fighter on Jan 27, 2021.
             Slain by an iguana (14 damage)
             ... on level 5 of the Dungeon.
             The game lasted 00:06:01 (4743 turns).

kaeus the Sneak (Octopode Fighter)                  Turns: 4743, Time: 00:06:02

Health: 0/48       AC:  1    Str: 15    XL:     7   Next: 18%
Magic:  7/7        EV: 17    Int: 10    God:
Gold:   218        SH:  9    Dex: 14    Spells: 6/6 levels left

rFire    . . .     SeeInvis .   t - +9 dagger "Jeviy" {freeze, rC+ Will+}
rCold    + . .     Faith    .   b - +0 kite shield
rNeg     . . .     Spirit   .   (helmet restricted)
rPois    .         Reflect  .   (no amulet)
rElec    .         Harm     .   p - +4 ring of evasion
rCorr    .         Rampage  .   (no ring)
Will     +....                  (no ring)
Stlth    ++++......             (no ring)
HPRegen  0.16/turn              (no ring)
MPRegen  0.10/turn              (no ring)
                                (no ring)
                                (no ring)

@: no status effects
A: almost no armour, stealthy swim, amphibious, 8 rings, constrict 8, camouflage
1, gelatinous body 1
a: no special abilities


You were on level 5 of the Dungeon.
You visited 1 branch of the dungeon, and saw 6 of its levels.

You collected 218 gold pieces.

Inventory:

Hand Weapons
 a - a +0 long sword
 f - the +9 trident of Wyrd {freeze, Int+4}
   (You found it on level 4 of the Dungeon)

   It has been specially enchanted to freeze those struck by it, causing extra
   injury to most foes and up to half again as much damage against particularly
   susceptible opponents.
   It can also slow down cold-blooded creatures.
   It affects your intelligence (+4).
 t - the +9 dagger "Jeviy" (weapon) {freeze, rC+ Will+}
   (You found it on level 4 of the Dungeon)

   It has been specially enchanted to freeze those struck by it, causing extra
   injury to most foes and up to half again as much damage against particularly
   susceptible opponents.
   It can also slow down cold-blooded creatures.
   It protects you from cold.
   It affects your willpower, your defense against some magical effects.
Armour
 b - a +0 kite shield (worn)
Jewellery
 p - a +4 ring of evasion (left tentacle)
 u - an uncursed ring of fire {unknown}
Scrolls
 d - a scroll of enchant armour {unknown}
 e - a scroll of fog {unknown}
 g - 3 scrolls of remove curse
 h - a scroll of enchant weapon {unknown}
 i - 4 scrolls of magic mapping
 k - 3 scrolls of teleportation
 l - 2 scrolls of blinking {unknown}
 m - a scroll of noise {unknown}
 n - 2 scrolls of amnesia {unknown}
Potions
 c - a potion of might
 j - 2 potions of brilliance
 o - a potion of berserk rage {unknown}
 q - 2 potions of curing {unknown}
 r - a potion of mutation {unknown}
 s - a potion of attraction {unknown}


   Skills:
 + Level 4.1 Fighting
 + Level 3.5 Long Blades
 + Level 4.1 Dodging
 * Level 6.0 Stealth
 + Level 4.1 Shields


You had 6 spell levels left.
You didn't know any spells.
Your spell library was empty.

Dungeon Overview and Level Annotations

Branches:
Dungeon (6/15)
 Temple: D:4-7

Altars:
Gozag


Innate Abilities, Weirdness & Mutations

You cannot wear most types of armour.
You are very stealthy in the water. (Stealth+)
You are amphibious.
You can wear up to eight rings at the same time.
You can use your tentacles to constrict eight enemies at once.
Your skin changes colour to match your surroundings (Stealth+).
Your rubbery body absorbs attacks. (AC +1, EV +1)


Message History

You freeze the bullfrog. Your grab misses the bullfrog.
Your squeeze misses the bullfrog.
The bullfrog is heavily wounded.
The iguana hisses menacingly.
You block the iguana's attack. The bullfrog completely misses you.
You hit the bullfrog. You freeze the bullfrog. Your grab misses the bullfrog.
The bullfrog is severely wounded.
The iguana bites you! The bullfrog barely misses you.
You take 13 damage, and have 21/48 hp.
MASSIVE DAMAGE!!
You puncture the bullfrog!
The bullfrog seems to slow down.
You freeze the bullfrog.
You kill the bullfrog!
The iguana bites you!
* * * LOW HITPOINT WARNING * * *
Your Stealth skill increases to level 6!
You take 7 damage, and have 14/48 hp.
You puncture the iguana! You freeze the iguana. You grab the iguana.
The iguana is heavily wounded.
You constrict the iguana. The iguana bites you!
You die...

#.[.....#.###....<............
#.......#.# ##..#######.......
#.......#.####...# #.........
##.....#.)##...#.####.##......
##...##.###.###......(.......
######.###.####.............
#....)...##.......##...
##......l..........####.
#......@...........# #.
#.#.......#........# ##
##.#<...............# #.
##..#.)..............# #.
#.>##.......#.###########.
#.#######.....########....
#.........##..............
#..######.......#....#####
##..###....##.#..#.####


You could see an iguana.

Vanquished Creatures
  An ogre (D:5)
  A bullfrog (D:5)
  A centaur skeleton (D:5)
  An orc priest (D:4)
  A hound (D:5)
  2 orc wizards (D:4)
  A worker ant (D:5)
  3 gnolls
  5 adders
  A white imp (D:5)
  2 oozes
  An adder skeleton (D:4)
  4 dart slugs
  2 worms
  7 leopard geckos
  7 orcs
  A ball python (D:2)
  3 giant cockroaches
  10 goblins
  5 hobgoblins
  2 jackals (D:1)
  7 kobolds
  12 bats
  9 frilled lizards
  A leopard gecko skeleton (D:4)
  7 rats
97 creatures vanquished.

Notes
Turn   | Place    | Note
-------+----------+-------------------------------------------
     0 | D:1      | kaeus the Octopode Fighter began the quest for the Orb.
     0 | D:1      | Reached XP level 1. HP: 16/16 MP: 1/1
    98 | D:1      | Reached skill level 1 in Stealth
   128 | D:1      | Reached XP level 2. HP: 20/21 MP: 2/2
   284 | D:1      | Reached skill level 2 in Stealth
   450 | D:1      | Reached XP level 3. HP: 24/26 MP: 3/3
  1069 | D:2      | Reached XP level 4. HP: 15/31 MP: 4/4
  1439 | D:2      | Reached skill level 3 in Stealth
  1875 | D:2      | Found an opulent altar of Gozag.
  2322 | D:2      | Reached XP level 5. HP: 26/36 MP: 5/5
  2834 | D:3      | Reached skill level 4 in Stealth
  3418 | D:4      | Got an ivory dagger
  3432 | D:3      | Identified the +9 dagger "Jeviy" {freeze, rC+ Will+} (You
                  | found it on level 4 of the Dungeon)
  3454 | D:4      | Reached XP level 6. HP: 34/43 MP: 6/6
  3572 | D:4      | Got an iridescent trident
  3573 | D:4      | Identified the +9 trident of Wyrd {freeze, Int+4} (You
                  | found it on level 4 of the Dungeon)
  4047 | D:5      | Entered Level 5 of the Dungeon
  4090 | D:4      | Reached skill level 5 in Stealth
  4471 | D:5      | Reached XP level 7. HP: 48/48 MP: 7/7
  4743 | D:5      | Reached skill level 6 in Stealth
  4743 | D:5      | Slain by an iguana

Illustrated notes

Levels and vault maps discovered:
D:1:      arrival_zaba_pyramid, layout_loops_ring
D:2:      minmay_angry_zag, layout_loops_ring,
          nicolae_gozag_cash_rules_everything_around_me
D:3:      layout_basic
D:4:      layout_basic, amcnicky_mini_corridor_feature
D:5:      layout_rooms
D:6:      layout_cave_pools, minitemple, minmay_temple_entry_grid, minmay_holes,
          minivault_19, minmay_misc_feat_roman, uniq_eustachio

Skill      XL: |  1  2  3  4  5  6  7 |
---------------+----------------------+-----
Stealth        | 1 2 3 4 5 6 |  6.0
Long Blades    | 3 |  3.5
Dodging        | 4 |  4.1
Shields        | 4 |  4.1
Fighting       | 4 |  4.1

Action                   |  1- 3 |  4- 6 |  7- 9 || total
-------------------------+-------+-------+-------++-------
Melee: Long sword        |    10 |       |       ||    10
       Tentacles         |    17 |    33 |       ||    50
       Constrict         |    15 |    26 |     1 ||    42
       Dagger            |    62 |   125 |     6 ||   193
  Use: Scroll            |       |     5 |       ||     5
 Stab: Sleeping          |    14 |    17 |       ||    31
       Distracted        |       |     1 |       ||     1
Armor: Skin              |     8 |     4 |       ||    12
Dodge: Dodged            |    16 |    51 |     7 ||    74
Block: Kite shield       |    23 |    40 |     2 ||    65
       Rpst.: Long sword |     1 |       |       ||     1
